MLB
CINCINNATI REDS @ NEW YORK METS
08/11/2049
 
TOP OF THE 1ST
Cincinnati Reds batting - Pitching for New York Mets : RHP Apostolos Tsatsos
Pitching: RHP Apostolos Tsatsos
Batting: LHB Evan Torraville 0-0: Called Strike
0-1: Ball
1-1: SOLO HOME RUN (Flyball, 9LD, EV 92.5 MPH), Distance : 335 ft
Batting: SHB Saulo Maina 0-0: Called Strike
0-1: Ball
1-1: Ball
2-1: SOLO HOME RUN (Flyball, 9LD, EV 92.5 MPH), Distance : 347 ft
Batting: SHB Jun Tsuda 0-0: Called Strike
0-1: Ball
1-1: Ball
2-1: SINGLE (Flyball, 6MD, EV 88.8 MPH)
Batting: LHB Chris Grunwald 0-0: Ball
1-0: Ball
2-0: Fly out, F9 (Flyball, 89S, EV 78.8 MPH)
Batting: LHB Jamie Spangenberg 0-0: Called Strike
0-1: Foul Ball, location: 2F
0-2: Fly out, F9 (Flyball, 9, EV 93.1 MPH)
Batting: RHB Mike Alm 0-0: Called Strike
Jun Tsuda is caught stealing 2nd base 2-4
Top of the 1st over - 2 runs, 3 hits, 0 errors, 0 left on base; Cincinnati 2 - New York 0
BOTTOM OF THE 1ST
New York Mets batting - Pitching for Cincinnati Reds : RHP Timmy John Aaron-Lee Frank Silveira
Pitching: RHP Timmy John Aaron-Lee Frank Silveira
Batting: RHB Finn Ross 0-0: Ball
1-0: Called Strike
1-1: Swinging Strike
1-2: Strikes out looking
Batting: RHB Josh Jones 0-0: Ball
1-0: Ball
2-0: Ball
3-0: Called Strike
3-1: Ground out 6-3 (Groundball, 6D, EV 98.1 MPH)
Batting: LHB Chris Ringwood 0-0: Foul Ball, location: 2F
0-1: Ball
1-1: Ball
2-1: Swinging Strike
2-2: Ball
3-2: Base on Balls
Batting: RHB Jeff Jank 0-0: Called Strike
Chris Ringwood is caught stealing 2nd base 2-4
Bottom of the 1st over - 0 runs, 0 hits, 0 errors, 0 left on base; Cincinnati 2 - New York 0
TOP OF THE 2ND
Cincinnati Reds batting - Pitching for New York Mets : RHP Apostolos Tsatsos
Batting: RHB Mike Alm 0-0: Ground out 6-3 (Groundball, 6, EV 83.8 MPH)
Batting: RHB Joseph Kirchmann 0-0: Called Strike
0-1: Foul Ball, location: 2F
0-2: Strikes out looking
Batting: RHB Omar Quintana 0-0: Called Strike
0-1: Swinging Strike
0-2: Ball
1-2: Ball
2-2: Foul Ball, location: 2F
2-2: Ground out 4-3 (Groundball, 4M, EV 105.6 MPH)
Top of the 2nd over - 0 runs, 0 hits, 0 errors, 0 left on base; Cincinnati 2 - New York 0
BOTTOM OF THE 2ND
New York Mets batting - Pitching for Cincinnati Reds : RHP Timmy John Aaron-Lee Frank Silveira
Batting: RHB Jeff Jank 0-0: Ball
1-0: Called Strike
1-1: Foul Ball, location: 2F
1-2: Foul Ball, location: 2F
1-2: Strikes out swinging
Batting: LHB Kyle Beaulieu 0-0: Ball
1-0: Ball
2-0: Called Strike
2-1: Foul Ball, location: 2F
2-2: Ground out 5-3 (Groundball, 5, EV 85.6 MPH)
Batting: SHB Jason Larson 0-0: Ball
1-0: Fly out, F9 (Flyball, 9S, EV 95.6 MPH)
Bottom of the 2nd over - 0 runs, 0 hits, 0 errors, 0 left on base; Cincinnati 2 - New York 0
TOP OF THE 3RD
Cincinnati Reds batting - Pitching for New York Mets : RHP Apostolos Tsatsos
Batting: RHB Juan Reyes 0-0: Called Strike
0-1: Ball
1-1: Fly out, F8 (Flyball, 89D, EV 95.6 MPH)
Batting: LHB Evan Torraville 0-0: Called Strike
0-1: Swinging Strike
0-2: Ball
1-2: Ball
2-2: Ball
3-2: Strikes out swinging
Batting: SHB Saulo Maina 0-0: Ground out U3 (Groundball, 13, EV 83.1 MPH)
Top of the 3rd over - 0 runs, 0 hits, 0 errors, 0 left on base; Cincinnati 2 - New York 0
BOTTOM OF THE 3RD
New York Mets batting - Pitching for Cincinnati Reds : RHP Timmy John Aaron-Lee Frank Silveira
Batting: LHB Fabiano Perrolas 0-0: Ball
1-0: Ball
2-0: Called Strike
2-1: Called Strike
2-2: Ball
3-2: DOUBLE (Groundball, 5L, EV 103.8 MPH)
Pinch Runner at 2nd Billy Encinias:
Batting: RHB Chris Torlak 0-0: Fly out, F8 (Flyball, 78M, EV 86.9 MPH)
Batting: SHB Luke Robbins 0-0: Ball
1-0: Called Strike
1-1: Ball
2-1: Ground out 6-3 (Groundball, 6MD, EV 85.6 MPH)
Billy Encinias to third
Batting: RHB Finn Ross 0-0: Ball
1-0: Swinging Strike
1-1: Called Strike
1-2: Strikes out swinging
Bottom of the 3rd over - 0 runs, 1 hit, 0 errors, 1 left on base; Cincinnati 2 - New York 0
TOP OF THE 4TH
Cincinnati Reds batting - Pitching for New York Mets : RHP Apostolos Tsatsos
Now at C: Billy Encinias
Batting: SHB Jun Tsuda 0-0: Called Strike
0-1: Ball
1-1: Swinging Strike
1-2: Ball
2-2: Ball
3-2: Strikes out looking
Batting: LHB Chris Grunwald 0-0: Ball
1-0: Called Strike
1-1: Foul Ball, location: 2F
1-2: Foul Ball, location: 2F
1-2: Strikes out swinging
Batting: LHB Jamie Spangenberg 0-0: Called Strike
0-1: Ball
1-1: Ball
2-1: Called Strike
2-2: Fly out, F9 (Flyball, 89S, EV 88.8 MPH)
Top of the 4th over - 0 runs, 0 hits, 0 errors, 0 left on base; Cincinnati 2 - New York 0
BOTTOM OF THE 4TH
New York Mets batting - Pitching for Cincinnati Reds : RHP Timmy John Aaron-Lee Frank Silveira
Batting: RHB Josh Jones 0-0: SINGLE (Line Drive, 3D, EV 108.1 MPH)
Batting: LHB Chris Ringwood 0-0: SINGLE (Groundball, 6MD, EV 105.6 MPH) (infield hit)
Josh Jones to second
Batting: RHB Jeff Jank 0-0: Called Strike
0-1: Called Strike
0-2: Fly out, F8 (Flyball, 8LM, EV 88.1 MPH)
Batting: LHB Kyle Beaulieu 0-0: Ball
1-0: Ball
2-0: Called Strike
2-1: Ball
3-1: Fly out, F7 (Flyball, 7LMF, EV 95.6 MPH)
Batting: SHB Jason Larson 0-0: Ball
1-0: Ball
2-0: Called Strike
2-1: Foul Ball, location: 2F
2-2: Ball
3-2: TRIPLE (Line Drive, 89XD, EV 112.5 MPH)
Josh Jones scores
Chris Ringwood scores
Batting: SHB Billy Encinias 0-0: Intentional Walk
Batting: RHB Chris Torlak 0-0: Swinging Strike
0-1: Ball
1-1: Ball
2-1: Ball
3-1: Swinging Strike
3-2: Foul Ball, location: 2F
3-2: Ground out 4-3 (Groundball, 4, EV 88.8 MPH)
Bottom of the 4th over - 2 runs, 3 hits, 0 errors, 2 left on base; Cincinnati 2 - New York 2
TOP OF THE 5TH
Cincinnati Reds batting - Pitching for New York Mets : RHP Apostolos Tsatsos
Batting: RHB Mike Alm 0-0: SINGLE (Groundball, 4MD, EV 103.8 MPH)
Batting: RHB Joseph Kirchmann 0-0: Called Strike
0-1: Ball
1-1: Foul Ball, location: 2F
1-2: Ball
2-2: Grounds into double play, 5-4-3 (Groundball, 56, EV 81.9 MPH)
Batting: RHB Omar Quintana 0-0: Swinging Strike
0-1: Foul Ball, location: 2F
0-2: Strikes out looking
Top of the 5th over - 0 runs, 1 hit, 0 errors, 0 left on base; Cincinnati 2 - New York 2
BOTTOM OF THE 5TH
New York Mets batting - Pitching for Cincinnati Reds : RHP Timmy John Aaron-Lee Frank Silveira
Batting: SHB Luke Robbins 0-0: Foul Ball, location: 2F
0-1: Foul Ball, location: 2F
0-2: Strikes out swinging
Batting: RHB Finn Ross 0-0: Called Strike
0-1: Fly out, F9 (Line Drive, 9S, EV 90.6 MPH)
Batting: RHB Josh Jones 0-0: Called Strike
0-1: Ball
1-1: Ball
2-1: Fly out, F9 (Flyball, 9S, EV 77.5 MPH)
Bottom of the 5th over - 0 runs, 0 hits, 0 errors, 0 left on base; Cincinnati 2 - New York 2
TOP OF THE 6TH
Cincinnati Reds batting - Pitching for New York Mets : RHP Apostolos Tsatsos
Batting: RHB Juan Reyes 0-0: Called Strike
0-1: Ball
1-1: Called Strike
1-2: Strikes out swinging
Batting: LHB Evan Torraville 0-0: Ball
1-0: Ball
2-0: Foul Ball, location: 2F
2-1: Foul Ball, location: 2F
2-2: Ball
3-2: Base on Balls
Batting: SHB Saulo Maina 0-0: Swinging Strike
0-1: DOUBLE (Flyball, 8RXD, EV 98.8 MPH)
Evan Torraville to third
Runner from 3rd tries for Home, SAFE, throw by CF to trailing runner, OUT at third! 8-3-5
Batting: SHB Jun Tsuda 0-0: Called Strike
0-1: Swinging Strike
0-2: Ball
1-2: Ball
2-2: Foul Ball, location: 2F
2-2: Ball
3-2: Base on Balls
Batting: LHB Chris Grunwald 0-0: Called Strike
Jun Tsuda is caught stealing 2nd base 2-6
Top of the 6th over - 1 run, 1 hit, 0 errors, 0 left on base; Cincinnati 3 - New York 2
BOTTOM OF THE 6TH
New York Mets batting - Pitching for Cincinnati Reds : RHP Timmy John Aaron-Lee Frank Silveira
Batting: LHB Chris Ringwood 0-0: Ball
1-0: Ball
2-0: Ball
3-0: Called Strike
3-1: Foul Ball, location: 2F
3-2: Strikes out swinging
Batting: RHB Jeff Jank 0-0: Foul Ball, location: 2F
0-1: Fly out, F7 (Flyball, 78D, EV 107.5 MPH)
Batting: LHB Kyle Beaulieu 0-0: Called Strike
0-1: Foul Ball, location: 2F
0-2: Ball
1-2: Foul Ball, location: 2F
1-2: Ball
2-2: Ball
3-2: Base on Balls
Batting: SHB Jason Larson 0-0: Ball
1-0: Called Strike
1-1: Ball
2-1: Ball
3-1: Base on Balls
Kyle Beaulieu to second
Batting: SHB Billy Encinias 0-0: Foul Ball, location: 2F
0-1: Called Strike
0-2: Strikes out looking
Bottom of the 6th over - 0 runs, 0 hits, 0 errors, 2 left on base; Cincinnati 3 - New York 2
TOP OF THE 7TH
Cincinnati Reds batting - Pitching for New York Mets : RHP Apostolos Tsatsos
Batting: LHB Chris Grunwald 0-0: Foul Ball, location: 2F
0-1: Ball
1-1: Ball
2-1: Foul Ball, location: 2F
2-2: Ground out 6-3 (Groundball, 6, EV 85.0 MPH)
Batting: LHB Jamie Spangenberg 0-0: Foul Ball, location: 2F
0-1: Ground out U3 (Groundball, 34, EV 98.1 MPH)
Batting: RHB Mike Alm 0-0: Ball
1-0: Ball
2-0: Ball
3-0: Called Strike
3-1: SINGLE (Flyball, 6MD, EV 90.0 MPH)
Batting: RHB Joseph Kirchmann 0-0: Ball
1-0: Ball
2-0: Fly out, F8 (Flyball, 8LXD, EV 100.6 MPH)
Top of the 7th over - 0 runs, 1 hit, 0 errors, 1 left on base; Cincinnati 3 - New York 2
BOTTOM OF THE 7TH
New York Mets batting - Pitching for Cincinnati Reds : RHP Timmy John Aaron-Lee Frank Silveira
Batting: RHB Chris Torlak 0-0: Ball
1-0: Ball
2-0: Called Strike
2-1: Foul Ball, location: 2F
2-2: Foul Ball, location: 2F
2-2: Ball
3-2: Foul Ball, location: 2F
3-2: Foul Ball, location: 2F
3-2: Base on Balls
Pitching: LHP Brad Jonas
Batting: SHB Luke Robbins 0-0: Ball
1-0: Sac Bunt to 2L - play at first, batter OUT! 2-3
Chris Torlak to second
Batting: RHB Finn Ross 0-0: Foul Ball, location: 2F
0-1: Foul Ball, location: 2F
0-2: Ball
1-2: Ball
2-2: Foul Ball, location: 2F
2-2: Strikes out looking
Batting: RHB Josh Jones 0-0: Swinging Strike
0-1: Foul Ball, location: 2F
0-2: Foul Ball, location: 2F
0-2: Ball
1-2: Foul Ball, location: 2F
1-2: Fly out, F9 (Flyball, 9, EV 80.6 MPH)
Bottom of the 7th over - 0 runs, 0 hits, 0 errors, 1 left on base; Cincinnati 3 - New York 2
TOP OF THE 8TH
Cincinnati Reds batting - Pitching for New York Mets : RHP Apostolos Tsatsos
Batting: RHB Omar Quintana 0-0: Fly out, F9 (Flyball, 9D, EV 109.4 MPH)
Batting: RHB Juan Reyes 0-0: Called Strike
0-1: Foul Ball, location: 2F
0-2: Ball
1-2: Ball
2-2: Foul Ball, location: 2F
2-2: Strikes out looking
Batting: LHB Evan Torraville 0-0: Ball
1-0: Foul Ball, location: 2F
1-1: Ball
2-1: SINGLE (Groundball, 4, EV 101.9 MPH)
Pitching: RHP Robbie Beerbower
Batting: SHB Saulo Maina 0-0: Ball
1-0: Ball
2-0: Ball
3-0: Called Strike
3-1: Swinging Strike
3-2: Foul Ball, location: 2F
3-2: Strikes out swinging
Top of the 8th over - 0 runs, 1 hit, 0 errors, 1 left on base; Cincinnati 3 - New York 2
BOTTOM OF THE 8TH
New York Mets batting - Pitching for Cincinnati Reds : LHP Brad Jonas
Batting: LHB Chris Ringwood 0-0: Swinging Strike
0-1: Foul Ball, location: 2F
0-2: Ball
1-2: Strikes out swinging
Batting: RHB Jeff Jank 0-0: SINGLE (Flyball, 3D, EV 95.0 MPH)
Pinch Hitting: RHB Billy Walker 0-0: Ball
1-0: SINGLE (Groundball, 25, EV 68.1 MPH) (infield hit)
Jeff Jank to second
Pitching: RHP Justin Ambrose
Batting: SHB Jason Larson 0-0: Ball
1-0: Ball
2-0: Called Strike
2-1: Fielders Choice at 2nd, 4-6 (Groundball, 4, EV 98.1 MPH)
Jeff Jank to third
Batting: SHB Billy Encinias 0-0: Called Strike
0-1: Ball
1-1: Foul Ball, location: 2F
1-2: Ball
2-2: Ground out 4-3 (Groundball, 4S, EV 77.5 MPH)
Bottom of the 8th over - 0 runs, 2 hits, 0 errors, 2 left on base; Cincinnati 3 - New York 2
TOP OF THE 9TH
Cincinnati Reds batting - Pitching for New York Mets : RHP Robbie Beerbower
Now at 1B: Billy Walker
Now at 2B: Josh Jones
Now at SS: Luke Robbins
Batting: SHB Jun Tsuda 0-0: Fly out, F8 (Flyball, 8RXD, EV 100.6 MPH)
Batting: LHB Chris Grunwald 0-0: Fly out, F7 (Flyball, 78M, EV 90.0 MPH)
Batting: LHB Jamie Spangenberg 0-0: Swinging Strike
0-1: Ball
1-1: Ground out 6-3 (Groundball, 6, EV 95.6 MPH)
Top of the 9th over - 0 runs, 0 hits, 0 errors, 0 left on base; Cincinnati 3 - New York 2
BOTTOM OF THE 9TH
New York Mets batting - Pitching for Cincinnati Reds : RHP Justin Ambrose
Pitching: RHP Ryan Terlizzi
Now at 1B: Mike Alm
Now in LF: Fred Slade
Batting: RHB Chris Torlak 0-0: Ball
1-0: Ground out 6-3 (Groundball, 6, EV 84.4 MPH)
Batting: SHB Luke Robbins 0-0: Foul Ball, location: 2F
0-1: Ball
1-1: Ball
2-1: Foul Ball, location: 2F
2-2: DOUBLE (Flyball, 78D, EV 100.6 MPH)
Pinch Hitting: SHB Roberto Magne 0-0: Called Strike
0-1: Ball
1-1: Ball
2-1: Called Strike
2-2: Strikes out swinging
Batting: RHB Josh Jones 0-0: Ball
1-0: Called Strike
1-1: Ball
2-1: Ground out 4-3 (Groundball, 4, EV 81.9 MPH)
Bottom of the 9th over - 0 runs, 1 hit, 0 errors, 1 left on base; Cincinnati 3 - New York 2
Sunday, July 16th , 2023 - OOTP Baseball 24.6 Build 69